 Dungeon Crawl Stone Soup version 0.25.1-2-g60ff931df9 (webtiles) character file.

Game seed: 16091309539507365455

58 RUZZLEFAZAZZLE the Skirmisher (level 4, -2/35 HPs)
             Began as a Human Fighter on Aug 23, 2020.
             Slain by a phantom (7 damage)
             ... on level 2 of the Dungeon.
             The game lasted 00:04:23 (1413 turns).

RUZZLEFAZAZZLE the Skirmisher (Human Fighter)       Turns: 1413, Time: 00:04:24

Health: -2/35      AC:  8    Str: 15 (17) XL:     4   Next: 20%
Magic:  4/4        EV:  6    Int:  6 (8)  God:
Gold:   75         SH:  8    Dex: 12 (13) Spells: 3/3 levels left

rFire    + . .     SeeInvis .   a - +0 war axe
rCold    . . .     Gourm    .   c - +0 kite shield
rNeg     . . .     Faith    .   b - +0 scale mail
rPois    .         Spirit   .   (no helmet)
rElec    .         Reflect  .   (no cloak)
rCorr    .         Harm     .   (no gloves)
MR       .....                  n - +0 pair of boots
Stlth    ..........             (no amulet)
HPRegen  0.11/turn              k - ring of protection from fire
MPRegen  0.09/turn              (no ring)

@: mighty, about to teleport
A: no striking features
a: no special abilities


You were on level 2 of the Dungeon.
You were not hungry.

You visited 1 branch of the dungeon, and saw 2 of its levels.

You collected 75 gold pieces.

Inventory:

Hand Weapons
 a - a +0 war axe (weapon)
Armour
 b - a +0 scale mail (worn)
 c - a +0 kite shield (worn)
 n - a +0 pair of boots (worn)
Jewellery
 k - a ring of protection from fire (left hand)
Scrolls
 e - 2 scrolls of teleportation
 g - a scroll of enchant weapon {unknown}
 h - 3 scrolls of identify {unknown}
 i - a scroll of magic mapping {unknown}
 j - 3 scrolls of remove curse {unknown}
Comestibles
 f - 3 rations
 m - a chunk of flesh


   Skills:
 + Level 3.4 Fighting
 * Level 3.0 Axes
 + Level 3.3 Armour
 + Level 3.3 Shields


You had 3 spell levels left.
You didn't know any spells.
Your spell library was empty.

Dungeon Overview and Level Annotations

Branches:
Dungeon (2/15)

Altars:


Message History

The dart slug launches a dart at you. You block the slug dart.
The bullfrog hits you.
* * * LOW HITPOINT WARNING * * *
You aren't carrying any potions.
You are too injured to fight recklessly!
As you read the scroll labeled HOTI EDUSIXINN, it crumbles to dust.
You feel strangely unstable.
It was a scroll of teleportation.
The bullfrog hits you but does no damage.
The dart slug bites you.
* * * LOW HITPOINT WARNING * * *
You slash the dart slug!
You kill the dart slug!
Your shield prevents you from hitting the bullfrog.
You block the bullfrog's attack. The bullfrog barely misses you.
You closely miss the phantom.
The phantom is lightly damaged.
You closely miss the bullfrog.
The bullfrog hits you but does no damage.
The phantom hits you!
You die...

...≈≈♣≈≈.....####(###...#
...≈≈≈≈≈..... #..###..#
##.##...#### #...........
######..........
#[..............#
#...............#
#...♣♣..........#
#.†@W.♣.........#
#..♣F♣♣...######
#....♣....# ....... ..##
#..........# ###.. ..##.#
### #.. ..


You could see a phantom and a bullfrog.

Vanquished Creatures
  An adder (D:2)
  4 dart slugs
  A leopard gecko (D:1)
  A ball python (D:2)
  3 bats (D:1)
  3 giant cockroaches (D:1)
  7 goblins
  6 hobgoblins
  A quokka (D:2)
  A frilled lizard (D:1)
  3 kobolds
  5 rats
36 creatures vanquished.

Notes
Turn   | Place    | Note
-------+----------+-------------------------------------------
     0 | D:1      | RUZZLEFAZAZZLE the Human Fighter began the quest for the
                  | Orb.
     0 | D:1      | Reached XP level 1. HP: 18/18 MP: 1/1
   189 | D:1      | Reached XP level 2. HP: 21/24 MP: 2/2
   427 | D:1      | Reached XP level 3. HP: 29/29 MP: 3/3
  1123 | D:2      | Reached XP level 4. HP: 23/35 MP: 4/4
  1400 | D:2      | Noticed a phantom
  1404 | D:2      | Noticed a bullfrog
  1413 | D:2      | Slain by a phantom

Illustrated notes

Levels and vault maps discovered:
D:1:      psy_arrival_heroes, layout_basic, st_stairs_12,
          minmay_misc_feat_square
D:2:      layout_rooms, elyvilon_altar_3, chequers_garden

Skill      XL: |  1  2  3  4 |
---------------+-------------+-----
Axes           | 3 |  3.0
Fighting       | |  3.4
Armour         | |  3.3
Shields        | |  3.3

Action                   |  1- 3 |  4- 6 || total
-------------------------+-------+-------++-------
Melee: War axe           |   100 |    28 ||   128
  Use: Potion            |       |     2 ||     2
       Scroll            |       |     1 ||     1
  Eat: Chunk             |     1 |     1 ||     2
Armor: Scale mail        |    59 |    18 ||    77
Dodge: Dodged            |    35 |    10 ||    45
Block: Kite shield       |    51 |    24 ||    75
